 Dungeon Crawl Stone Soup version 0.19.0-19-g8c6edcc (webtiles) character file.

2848 mmcf the Cleaver (level 10, -9/80 HPs)
             Began as a Formicid Fighter on Nov 13, 2016.
             Killed from afar by an electric eel (11 damage)
             ... with a bolt of electricity
             ... on level 6 of the Dungeon.
             The game lasted 00:12:17 (7076 turns).

mmcf the Cleaver (Formicid Fighter)                 Turns: 7076, Time: 00:12:17

Health: -9/80      AC: 11    Str: 22    XL:     10   Next: 4%
Magic:  10/10      EV:  8    Int:  7    God:
Gold:   418        SH: 11    Dex: 13    Spells: 0 memorised, 9 levels left

rFire  . . .     SeeInvis +     a - +0 war axe
rCold  . . .     Gourm    .     x - +0 chain mail
rNeg   . . .     Faith    .     c - +0 shield
rPois  .         Spirit   .     (helmet unavailable)
rElec  .         Reflect  .     r - +0 cloak
rCorr  .         Harm     .     y - +0 pair of gloves
MR     +....                    (no boots)
Stlth  ..........               (no amulet)
                                B - ring of flight
                                (no ring)

@: no status effects
A: permanent stasis, dig shafts and tunnels, four strong arms, antennae 3
a: Dig, Shaft Self, Evoke Flight


You were on level 6 of the Dungeon.
You were not hungry.

You visited 1 branch of the dungeon, and saw 7 of its levels.

You collected 418 gold pieces.

Inventory:

Hand Weapons
 a - a +0 war axe (weapon)
 b - a +0 blowgun
Missiles
 k - 35 poisoned needles
 l - 9 tomahawks (quivered)
 n - 3 needles of confusion
Armour
 c - a +0 shield (worn)
 r - a +0 cloak (worn)
 x - a +0 chain mail (worn)
 y - a +0 pair of gloves (worn)
Jewellery
 B - a ring of flight (right hand)
 E - an uncursed ring of ice {unknown}
Wands
 t - a wand of lightning (9/15)
 F - a wand of flame (34/48)
Scrolls
 e - a scroll of enchant armour {unknown}
 h - 2 scrolls of teleportation
 j - 3 scrolls of remove curse
 o - a scroll of immolation {unknown}
 p - a scroll of summoning {unknown}
 s - a scroll of noise
 u - a scroll of blinking {unknown}
 w - a scroll of fear
 z - a scroll of amnesia
Potions
 d - a potion of might
 g - a potion of curing
 i - a potion of heal wounds {unknown}
 m - 3 potions of lignification
 q - 2 potions of agility
 v - a potion of flight {unknown}
 A - 2 potions of brilliance {unknown}
 C - 2 potions of degeneration {unknown}
Comestibles
 f - 3 bread rations


   Skills:
 + Level 7.8 Fighting
 * Level 9.4 Axes
 - Level 4.0 Armour
 - Level 2.1 Dodging
 + Level 7.8 Shields


You had 9 spell levels left.
You didn't know any spells.

Dungeon Overview and Level Annotations

Branches:
Dungeon (7/15)
 Temple: D:4-7

Altars:
Okawaru
The Shining One


Innate Abilities, Weirdness & Mutations

You are under a permanent stasis effect.
You can dig through walls and to a lower floor.
Your four strong arms can wield two-handed weapons with a shield.
You have a pair of large antennae on your head. (SInv)


Message History

You hit the electric eel.
The electric eel is almost dead.
You miss the electric eel.
The electric eel is almost dead.
You closely miss the electric eel.
The electric eel is almost dead.
The electric eel shoots out a bolt of lightning at you!
The bolt of electricity hits you!
* * * LOW HITPOINT WARNING * * *
The bolt of electricity hits you!
* * * LOW HITPOINT WARNING * * *
You closely miss the electric eel.
The electric eel is almost dead.
You barely miss the electric eel.
The electric eel is almost dead.
You closely miss the electric eel.
The electric eel is almost dead.
The electric eel shoots out a bolt of lightning at you!
The bolt of electricity hits you!
You die...

...#.#..##.#..
..##.##.##.#...
..##.##.##....
#<.#.##..# ..#
##$#.###.###.#######
...(.##......#.....##
#(#..#..............####
........................
................@.......
≈≈...≈≈≈≈≈≈≈.≈≈≈.;≈≈≈≈≈.
≈≈≈≈≈≈≈≈≈≈≈≈≈≈≈≈≈≈≈≈≈≈≈≈
≈≈≈≈≈≈≈≈≈≈≈≈≈≈≈≈≈≈≈≈≈≈≈≈
≈≈≈≈≈≈≈≈≈≈≈≈≈≈≈≈≈≈≈≈≈≈##
#######################
{{ { { { {


You could see an electric eel.

Vanquished Creatures
  The ghost of Raws the Carver, a novice DsBe of Trog (D:7)
  Pikel (D:4)
  Grinder (D:3)
  Sigmund (D:2)
  Eustachio (D:5)
  An ice beast (D:5)
  A sky beast (D:6)
  2 ogres
  Blork the orc (D:5)
  The ghost of Lluna the Sneak, an amateur SpAs (D:4)
  2 scorpions
  4 electric eels (D:6)
  A centaur zombie (D:4)
  3 crimson imps
  A quasit (D:6)
  A hound (D:4)
  A centaur skeleton (D:4)
  3 orc priests
  An iguana (D:4)
  Natasha (thrice) (D:4)
  2 worker ants (D:4)
  A howler monkey zombie (D:6)
  8 adders
  An ooze (D:3)
  An adder skeleton (D:4)
  5 worms
  8 dart slugs
  2 leopard geckos (D:2)
  9 orcs
  6 giant cockroaches
  6 goblins
  9 hobgoblins
  11 jackals
  5 quokkas
  A ball python (D:4)
  10 bats
  3 frilled lizards
  6 kobolds
  8 rats
133 creatures vanquished.

Vanquished Creatures (others)
  A slave (D:5)
  An orc wizard (D:5)
  An adder (D:5)
  A dart slug (D:5)
  4 orcs (D:5)
  A giant cockroach (D:6)
  A goblin (D:6)
10 creatures vanquished.

Grand Total: 143 creatures vanquished

Notes
Turn   | Place    | Note
-------+----------+-------------------------------------------
     0 | D:1      | mmcf the Formicid Fighter began the quest for the Orb.
     0 | D:1      | Reached XP level 1. HP: 18/18 MP: 1/1
    12 | D:1      | Noticed a minotaur zombie
    16 | D:1      | Noticed a merfolk zombie
   195 | D:2      | Reached XP level 2. HP: 13/24 MP: 2/2
   655 | D:1      | Reached XP level 3. HP: 29/29 MP: 3/3
  1177 | D:2      | Found an iron altar of Okawaru.
  1177 | D:2      | Found a glowing golden altar of the Shining One.
  1322 | D:2      | Reached skill level 3 in Axes
  1463 | D:2      | Reached XP level 4. HP: 33/37 MP: 4/4
  1507 | D:2      | Noticed Sigmund
  1524 | D:2      | Killed Sigmund
  1524 | D:2      | Reached skill level 4 in Axes
  1524 | D:2      | Reached skill level 1 in Dodging
  1524 | D:2      | Reached XP level 5. HP: 37/43 MP: 5/5
  1524 | D:2      | Reached XP level 6. HP: 42/49 MP: 6/6
  2891 | D:3      | Noticed Grinder
  2906 | D:3      | Killed Grinder
  2906 | D:3      | Reached skill level 5 in Fighting
  2906 | D:3      | Reached skill level 5 in Axes
  2906 | D:3      | Reached XP level 7. HP: 16/56 MP: 7/7
  4005 | D:5      | Entered Level 5 of the Dungeon
  4068 | D:4      | Noticed Lluna's ghost (amateur SpAs)
  4105 | D:4      | Killed Lluna's ghost
  4105 | D:4      | Reached XP level 8. HP: 62/63 MP: 8/8
  4122 | D:5      | Noticed Pikel
  4140 | D:4      | Killed Pikel
  4140 | D:4      | Reached skill level 6 in Axes
  4140 | D:4      | Reached skill level 5 in Shields
  4317 | D:4      | Noticed Natasha
  4324 | D:4      | Killed Natasha
  4324 | D:4      | Reached skill level 7 in Axes
  5043 | D:4      | Noticed Natasha
  5056 | D:4      | Killed Natasha
  5056 | D:4      | Reached XP level 9. HP: 51/71 MP: 9/9
  5096 | D:4      | Noticed Natasha
  5101 | D:4      | Killed Natasha
  5276 | D:5      | Noticed Eustachio
  5303 | D:5      | Killed Eustachio
  5303 | D:5      | Reached skill level 8 in Axes
  5484 | D:5      | Noticed Blork the orc
  5488 | D:5      | Killed Blork the orc
  6220 | D:7      | Noticed Raws's ghost (novice DsBe)
  6231 | D:7      | Killed Raws's ghost
  6231 | D:7      | Reached skill level 9 in Axes
  6770 | D:6      | Reached XP level 10. HP: 48/80 MP: 10/10
  7073 | D:6      | HP: 1/80 [electric eel/bolt of electricity (8)]
  7076 | D:6      | Killed from afar by an electric eel

Skill      XL: |  1  2  3  4  5  6  7  8  9 |
---------------+----------------------------+-----
Axes           | 3 4 5 7 9 |  9.4
Armour         | 4 |  4.0
Fighting       | 4 5 6 7 |  7.8
Dodging        | 1 2 |  2.1
Shields        | 4 6 7 |  7.8

Action                   |  1- 3 |  4- 6 |  7- 9 | 10-12 || total
-------------------------+-------+-------+-------+-------++-------
Melee: War axe           |    98 |   153 |   270 |    17 ||   538
 Fire: Blowgun           |       |     1 |       |       ||     1
  Use: Scroll            |       |     4 |     5 |       ||     9
       Potion            |       |       |     1 |       ||     1
  Eat: Chunk             |     2 |     4 |     7 |       ||    13
       Meat ration       |       |       |     2 |       ||     2
Armor: Scale mail        |    37 |    47 |    10 |       ||    94
       Ring mail         |     6 |    25 |       |       ||    31
       Chain mail        |       |       |   116 |     2 ||   118
Dodge: Dodged            |    29 |    58 |    90 |     4 ||   181
Block: Shield            |    63 |    66 |   178 |     3 ||   310
